 Dungeon Crawl Stone Soup version 0.29-a0-998-g1987434951 (webtiles) character file.

Game seed: 11110568336149867601

13836 leavemydog the Destroyer (level 11, 0/62 HPs)
             Began as a Deep Elf Conjurer on Aug 5, 2022.
             Was a Priest of Vehumet.
             Succumbed to Nessos's poison
             ... on level 12 of the Dungeon.
             The game lasted 00:37:25 (13795 turns).

leavemydog the Destroyer (Deep Elf Conjurer)       Turns: 13795, Time: 00:37:26

Health: 0/62       AC: 11    Str:  8    XL:     11   Next: 80%
Magic:  30/30      EV: 12    Int: 30    God:    Vehumet [***...]
Gold:   973        SH:  0    Dex: 13    Spells: 11/37 levels left

rFire   . . .      SeeInvis +   q - +2 short sword (protect)
rCold   . . .      Faith    .   (no shield)
rNeg    . . .      Spirit   .   a - +0 robe
rPois   .          Reflect  .   w - +2 helmet {SInv}
rElec   .          Harm     .   x - +0 cloak
rCorr   .          Rampage  .   (no gloves)
Will    +....                   I - +0 pair of boots
Stlth   ++........              A - amulet "Ozaro" {RegenMP Int+6}
HPRegen 0.20/turn               K - +4 ring of protection
MPRegen 0.62/turn               P - ring of wizardry

@: lethally poisoned (0 -> -12), flying, studying Throwing
A: no striking features
a: Renounce Religion


You were on level 12 of the Dungeon.
You worshipped Vehumet.
Vehumet was most pleased with you.
You visited 2 branches of the dungeon, and saw 13 of its levels.

You collected 973 gold pieces.

Inventory:

Hand Weapons
 q - a +2 short sword of protection (weapon)
 y - a +4 quarterstaff of chaos
Missiles
 r - 3 curare-tipped darts
 z - 17 poisoned darts
Armour
 a - a +0 robe (worn)
 w - a +2 helmet of see invisible (worn)
 x - a +0 cloak (worn)
 I - a +0 pair of boots (worn)
Jewellery
 e - a ring of resist corrosion
 h - a +4 ring of protection
 t - a ring of fire
 A - the amulet "Ozaro" (around neck) {RegenMP Int+6}
   (You took it off an orc wizard on level 9 of the Dungeon)

   [amulet of magic regeneration]

   It increases your rate of magic regeneration.
   Int:       It affects your intelligence (+6).
 K - a +4 ring of protection (left hand)
 N - a ring of positive energy
 P - a ring of wizardry (right hand)
 S - an amulet of the acrobat
 U - an amulet of reflection
Wands
 v - a wand of flame (36)
 F - a wand of mindburst (33)
 L - a wand of paralysis (9)
 M - a wand of iceblast (12)
 T - a wand of polymorph (7)
Scrolls
 c - 4 scrolls of butterflies
 d - 4 scrolls of poison {unknown}
 f - 2 scrolls of vulnerability {unknown}
 g - a scroll of silence {unknown}
 i - 2 scrolls of brand weapon
 j - 10 scrolls of teleportation
 l - a scroll of fear {unknown}
 n - 2 scrolls of enchant armour {unknown}
 p - 2 scrolls of blinking {unknown}
 s - 2 scrolls of torment {unknown}
 B - 2 scrolls of immolation {unknown}
 C - a scroll of summoning {unknown}
 D - a scroll of acquirement {unknown}
 E - a scroll of magic mapping {unknown}
Potions
 b - a potion of magic
 k - 5 potions of haste
 m - 3 potions of lignification
 o - 3 potions of attraction
 u - 4 potions of curing
 G - a potion of cancellation
 H - 2 potions of invisibility
 J - a potion of ambrosia {unknown}
 O - 3 potions of berserk rage
 Q - 2 potions of flight
 R - a potion of mutation {unknown}


   Skills:
 * Level 4.6 Fighting
 - Level 2.4 Dodging
 - Level 2.4 Stealth
 + Level 13.5 Spellcasting
 * Level 14.7 Conjurations
 - Level 6.0 Translocations
 - Level 3.2 Air Magic
 * Level 4.5 Earth Magic


You had 11 spell levels left.
You knew the following spells:

 Your Spells              Type           Power      Damage    Failure   Level
a - Magic Dart            Conj           100%       1d8       0%          1
b - Searing Ray           Conj           100%       2d8       0%          2
c - Iskenderun's Mystic   Conj/Tloc      70%        2d14      1%          4
d - Stone Arrow           Conj/Erth      100%       3d13      1%          3
e - Gell's Gravitas       Tloc           54%        N/A       1%          3
f - Lightning Bolt        Conj/Air       32%        1d50      1%          5
g - Lehudib's Crystal Sp  Conj/Erth      33%        10d9      30%         8

Your spell library contained the following spells:

 Spells                   Type           Power      Damage    Failure   Level
 Frozen Ramparts          Ice            40%        1d12      1%          3
 Foxfire                  Conj/Fire      100%       2x1d9     1%          1
 Ensorcelled Hibernation  Hex/Ice        40%        N/A       1%          2
 Passwall                 Tmut/Erth      27%        N/A       1%          2
 Sublimation of Blood     Necr           20%        N/A       1%          2
 Conjure Flame            Conj/Fire      59%        6-21      1%          3
 Dazzling Flash           Conj/Hex       100%       N/A       1%          3
 Inner Flame              Hex/Fire       20%        N/A       1%          3
 Swiftness                Air            40%        N/A       1%          3
 Teleport Other           Tloc           54%        N/A       1%          3
 Airstrike                Air            20%        2d(3-19)  1%          4
 Flame Wave               Conj/Fire      59%        2d14      1%          4
 Fulminant Prism          Conj/Hex       29%        3d14      1%          4
 Irradiate                Conj/Tmut      29%        3d21      1%          5
 Animate Armour           Summ/Erth      66%        N/A       4%          4
 Petrify                  Tmut/Erth      33%        N/A       4%          4
 Summon Lightning Spire   Summ/Air       30%        N/A       4%          4
 Borgnjor's Vile Clutch   Necr/Erth      16%        N/A       11%         5
 Dispersal                Tloc           27%        N/A       12%         6
 Alistair's Intoxication  Tmut/Pois      13%        N/A       26%         5
 Blade Hands              Tmut           10%        N/A       26%         5
 Eringya's Noxious Bog    Tmut/Pois      10%        N/A       34%         6
 Dragon Form              Tmut           10%        N/A       100%        7


Dungeon Overview and Level Annotations

Branches:
Dungeon (12/15)            Temple (1/1) D:7            Lair (0/5) D:9
    Orc (0/2) D:10

Altars:
Ashenzari
Cheibriados
Dithmenos
Elyvilon
Fedhas
Gozag
Hepliaklqana
Kikubaaqudgha
Makhleb
Nemelex Xobeh
Okawaru
Qazlal
Ru
Sif Muna
Trog
Uskayaw
Vehumet
Wu Jian
Xom
Yredelemnul
Zin
The Shining One

Annotations:
D:12 Nessos


Message History

Casting: Stone Arrow (safe; 1% risk of failure)
Confirm with . or Enter, or press ? or * to list all spells.
Aiming: Magic Dart (safe; 0% risk of failure)
Press: ? - help, Shift-Dir - straight line, f - Nessos
Aim: Nessos, wielding a +3 longbow of flaming and wearing a +0 barding (100% to hit)
The magic dart hits Nessos.
Nessos is lightly wounded.
Nessos shoots an arrow.
The arrow hits you!! The arrow burns you.
You are poisoned.
A fire elemental comes into view. x2
You feel very sick.
You feel very sick.
You feel very sick.
Nessos shoots an arrow.
The arrow closely misses you.
You feel very sick.
Nessos shoots an arrow.
The arrow completely misses you.
You feel better.
Nessos shoots an arrow.
The arrow completely misses you.
Nessos mumbles some strange words.
Nessos seems to speed up.
Nessos shoots an arrow.
The arrow barely misses you.
A fire elemental comes into view.
Nessos shoots an arrow.
The arrow hits you. The arrow burns you.
You are poisoned.
You feel very sick.
Nessos shoots an arrow.
The arrow closely misses you.
Nessos shoots an arrow.
The arrow misses you.
You feel sick.
Nessos shoots an arrow.
The arrow hits you!
* * * LOW HITPOINT WARNING * * *
The arrow burns you.
You are lethally poisoned!
* * * LOW HITPOINT WARNING * * *
You feel better.
Nessos shoots an arrow.
The arrow hits you!!
* * * LOW HITPOINT WARNING * * *
The arrow burns you.
You are lethally poisoned!
* * * LOW HITPOINT WARNING * * *
It was a potion of flight.
You feel very buoyant.
You fly up into the air.
You die...

.+.E .#.E .c.
#.. #.. #.☼
#E##########
#E○EEc.....#
##########@# #.#
#.# #.#
#######.##
.........#
.........#
.........#####.#
#######........#


You could see Nessos (fast) and 2 fire elementals.

Vanquished Creatures
  A hydra (D:11)
  2 two-headed ogres (D:9)
  Urug (D:12)
  Lodul (D:10)
  Joseph (D:7)
  Maurice (D:10)
  A gargoyle (D:6)
  2 trolls
  3 shadows
  Sigmund (D:3)
  4 wyverns
  23 yaks
  A steam dragon (D:8)
  2 vampire mosquitoes (D:8)
  4 water moccasins
  Duvessa (D:6)
  2 ice beasts
  6 orc warriors
  5 black bears
  2 centaurs (D:7)
  7 ogres (D:10)
  2 phantoms
  5 bullfrogs
  A gnoll sergeant (D:8)
  2 necrophages
  A scorpion (D:7)
  Dowan (D:6)
  A howler monkey (D:5)
  A gnoll bouda (D:9)
  A hound (D:4)
  A jelly (D:8)
  14 orc priests
  Crazy Yiuf (D:3)
  Terence (D:2)
  17 orc wizards
  4 iguanas
  Robin (D:3)
  14 gnolls
  9 adders
  3 shadow imps
  2 white imps
  2 worms
  3 dart slugs
  44 orcs
  12 endoplasms
  A giant cockroach (D:3)
  14 goblins
  5 hobgoblins
  3 quokkas
  6 ball pythons
  9 bats
  8 kobolds
  A rat (D:3)
  A spectral hobgoblin (D:3)
262 creatures vanquished.

Vanquished Creatures (others)
  50 fungi (D:9)
  51 plants (D:9)
101 creatures vanquished.

Grand Total: 363 creatures vanquished

Notes
Turn   | Place    | Note
-------+----------+-------------------------------------------
     0 | D:1      | leavemydog the Deep Elf Conjurer began the quest for the
                  | Orb.
     0 | D:1      | Reached XP level 1. HP: 10/10 MP: 6/6
   758 | D:1      | Reached XP level 2. HP: 15/15 MP: 6/8
   891 | D:2      | Reached skill level 5 in Conjurations
   894 | D:2      | Learned a level 2 spell: Searing Ray
   906 | D:2      | Found a faded altar of an unknown god.
  1061 | D:2      | Noticed Terence
  1074 | D:2      | Killed Terence
  1075 | D:2      | Reached XP level 3. HP: 19/19 MP: 2/9
  2104 | D:3      | Reached XP level 4. HP: 24/24 MP: 7/11
  2133 | D:3      | Identified the +1 ring mail "Kapou" {Dex+3}
  2261 | D:3      | Reached skill level 6 in Conjurations
  2266 | D:3      | Identified the +4 ring mail of Summertime {-Tele Will++
                  | rCorr Int+3}
  2560 | D:3      | Learned a level 4 spell: Iskenderun's Mystic Blast
  2722 | D:3      | Reached XP level 5. HP: 28/28 MP: 4/13
  2932 | D:3      | Noticed Robin
  2936 | D:3      | Killed Robin
  2937 | D:3      | Reached skill level 1 in Translocations
  3151 | D:3      | Found a runed translucent door.
  3152 | D:3      | Noticed Crazy Yiuf
  3184 | D:3      | Found a hazy altar of Hepliaklqana.
  3290 | D:3      | Learned a level 3 spell: Stone Arrow
  3311 | D:3      | Noticed Sigmund
  3315 | D:3      | Killed Sigmund
  3316 | D:3      | Reached skill level 5 in Spellcasting
  3316 | D:3      | Reached skill level 7 in Conjurations
  3316 | D:3      | Reached XP level 6. HP: 32/32 MP: 8/16
  3485 | D:3      | Killed Crazy Yiuf
  3745 | D:4      | Found a basalt altar of Yredelemnul.
  3939 | D:4      | Reached XP level 7. HP: 36/36 MP: 11/18
  4244 | D:4      | Found a shadowy altar of Dithmenos.
  4374 | D:5      | Entered Level 5 of the Dungeon
  4816 | D:5      | Reached skill level 1 in Earth Magic
  5180 | D:5      | Reached skill level 8 in Conjurations
  5618 | D:5      | Found a snail-covered altar of Cheibriados.
  5618 | D:5      | Found a shimmering altar of Xom.
  6112 | D:6      | Reached XP level 8. HP: 41/41 MP: 9/20
  6488 | D:6      | Noticed Duvessa
  6488 | D:6      | Noticed Dowan
  6492 | D:6      | Killed Duvessa
  6498 | D:6      | Killed Dowan
  6499 | D:6      | Reached skill level 9 in Conjurations
  6608 | D:6      | Noticed a gargoyle
  6613 | D:6      | Killed a gargoyle
  7066 | D:6      | Reached skill level 10 in Conjurations
  7142 | D:6      | Reached XP level 9. HP: 45/45 MP: 5/23
  7706 | D:7      | Reached skill level 1 in Fighting
  7809 | D:7      | Reached skill level 5 in Translocations
  7905 | D:7      | Found a staircase to the Ecumenical Temple.
  7914 | Temple   | Entered the Ecumenical Temple
  8031 | Temple   | Became a worshipper of Vehumet
  8114 | D:7      | Reached skill level 11 in Conjurations
  8579 | D:7      | Reached skill level 10 in Spellcasting
  8646 | D:7      | Noticed Joseph
  8660 | D:7      | Killed Joseph
  9512 | D:8      | Reached XP level 10. HP: 54/54 MP: 17/26
  9538 | D:8      | Learned a level 3 spell: Gell's Gravitas
  9595 | D:8      | Reached skill level 12 in Conjurations
  9843 | D:8      | Reached * piety under Vehumet
  9843 | D:8      | Offered knowledge of Sandblast by Vehumet.
 10579 | D:9      | Learned a level 5 spell: Lightning Bolt
 10757 | D:9      | Reached skill level 1 in Air Magic
 11119 | D:9      | Found a staircase to the Lair.
 11223 | D:9      | Noticed a two-headed ogre
 11229 | D:9      | Killed a two-headed ogre
 11230 | D:9      | Reached skill level 13 in Conjurations
 11290 | D:9      | Noticed a two-headed ogre
 11299 | D:9      | Killed a two-headed ogre
 11420 | D:9      | Identified the amulet "Ozaro" {RegenMP Int+6}
 11563 | D:9      | Reached XP level 11. HP: 53/60 MP: 14/29
 11719 | D:9      | Reached ** piety under Vehumet
 11719 | D:9      | Offered knowledge of Poisonous Vapours by Vehumet.
 11860 | D:10     | Entered Level 10 of the Dungeon
 11922 | D:10     | Noticed Lodul
 11932 | D:10     | Killed Lodul
 12093 | D:10     | Found a staircase to the Orcish Mines.
 12247 | D:10     | Reached skill level 14 in Conjurations
 12426 | D:10     | Learned a level 8 spell: Lehudib's Crystal Spear
 12727 | D:10     | Noticed Maurice
 12739 | D:10     | Killed Maurice
 12953 | D:10     | Found a shimmering blue altar of Sif Muna.
 13000 | D:11     | Noticed a four-headed hydra
 13006 | D:11     | Killed a four-headed hydra
 13006 | D:11     | Offered knowledge of Frozen Ramparts by Vehumet.
 13403 | D:11     | Reached *** piety under Vehumet
 13716 | D:12     | Noticed Urug
 13728 | D:12     | Killed Urug
 13783 | D:12     | Noticed Nessos
 13794 | D:12     | HP: 2/62 [Nessos/arrow (3)]
 13795 | D:12     | Succumbed to Nessos's poison

Illustrated notes

Levels and vault maps discovered:
D:1:      saegor_arrival_simple_d, layout_basic, amethyst_killhole
D:2:      layout_loops_corners, ebering_ecumenical_altar_sacrificial,
          uniq_terence
D:3:      layout_rooms, nicolae_hepliaklqana_monster_ancestors, uniq_robin,
          uniq_crazy_yiuf_cottage, uniq_sigmund
D:4:      layout_basic, nicolae_overflow_crystal_walls,
          nicolae_dithmenos_through_a_glass_darkly, serial_curves,
          eino_curves_03, eino_curves_04
D:5:      layout_cave_pods, gammafunk_temple_overflow_elements
D:6:      layout_loops_corners, uniq_duvessa
D:7:      layout_basic, temple_statues, uniq_joseph
D:8:      layout_rooms, due_unseen_surprise
D:9:      layout_roguey, due_lair_maze_entry_diamond
D:10:     layout_basic, mainiacjoe_overflow_alcove_4, kennysheep_boxes,
          uniq_lodul, uniq_maurice
D:11:     layout_cave_pods
D:12:     layout_basic, uniq_urug, uniq_azrael, uniq_nessos
Temple:   nicolae_temple_bog_church

Skill      XL: |  1  2  3  4  5  6  7  8  9 10 11 |
---------------+----------------------------------+-----
Conjurations   | 5 6 7 8 10 11 13 14 | 14.7
Spellcasting   | 4 5 6 7 8 10 12 13 | 13.5
Translocations | 1 2 3 4 5 6 |  6.0
Earth Magic    | 1 3 4 |  4.5
Fighting       | 2 3 4 |  4.6
Air Magic      | 2 3 |  3.2
Dodging        | |  2.4
Stealth        | |  2.4

Action                   |  1- 3 |  4- 6 |  7- 9 | 10-12 || total
-------------------------+-------+-------+-------+-------++-------
Melee: Short sword       |       |     3 |    14 |     5 ||    22
       Punch             |       |       |     1 |       ||     1
 Cast: Magic Dart        |    53 |    91 |   194 |   146 ||   484
       Searing Ray       |     2 |     8 |    23 |    17 ||    50
       Stone Arrow       |       |     3 |    38 |    87 ||   128
       Iskenderun's Myst |       |       |     2 |     6 ||     8
       Gell's Gravitas   |       |       |       |    21 ||    21
       Lightning Bolt    |       |       |       |     3 ||     3
  Use: Scroll            |     1 |       |     6 |     7 ||    14
       Potion            |       |       |       |     3 ||     3
Armor: Robe              |     1 |     9 |    16 |    26 ||    52
Dodge: Dodged            |     3 |     7 |    47 |    43 ||   100

Table legend: (Time is in decaauts)
 A = Elapsed time spent in this place.
 B = Non-inter-level travel time spent in this place.
 C = Inter-level travel time spent in this place.
 D = Time resting spent in this place.
 E = Time spent auto-exploring this place.
 F = Levels seen in this place.
 G = Mean time per level.
                   A        B        C        D        E       F      G
               +--------+--------+--------+--------+--------+-----+--------+
         Total |  13801 |  13427 |    374 |   4334 |   7589 |  13 | 1061.6 |
       Dungeon |  13652 |  13300 |    352 |   4334 |   7479 |  12 | 1137.7 |
        Temple |    149 |    127 |     22 |      0 |    109 |   1 |  149.0 |
               +--------+--------+--------+--------+--------+-----+--------+

Top non-repeatable levels by time:
     D:7: 1701 daAuts
     D:5: 1646 daAuts
     D:9: 1520 daAuts
     D:6: 1506 daAuts
     D:3: 1358 daAuts
     D:2: 1304 daAuts
     D:8: 1098 daAuts
    D:10: 1011 daAuts
     D:1: 886 daAuts
     D:4: 823 daAuts
    D:11: 695 daAuts
  Temple: 149 daAuts
    D:12: 98 daAuts
